 Dungeon Crawl Stone Soup version 0.28.0-53-g5a82cb258f (webtiles) character file.

Game seed: 6936765158052534555

29 Dharzhak the Chopper (level 3, -1/33 HPs)
             Began as a Hill Orc Cinder Acolyte on July 3, 2022.
             Was a High Priest of Ignis.
             Slain by a gnoll
             ... wielding a +0 club
              (5 damage)
             ... on level 1 of the Dungeon.
             The game lasted 00:04:35 (834 turns).

Dharzhak the Chopper (Hill Orc Cinder Acolyte)       Turns: 834, Time: 00:04:35

Health: -1/33      AC:  2    Str: 16    XL:     3   Next: 16%
Magic:  4/4        EV: 11    Int: 16    God:    Ignis [*****.]
Gold:   11         SH:  0    Dex:  6    Spells: 4/4 levels left

rFire   + . .      SeeInvis .   a - -1 hand axe (flame)
rCold   . . .      Faith    .   (no shield)
rNeg    . . .      Spirit   .   b - +0 robe
rPois   .          Reflect  .   (no helmet)
rElec   .          Harm     .   (no cloak)
rCorr   .          Rampage  .   (no gloves)
Will    .....                   (no boots)
Stlth   +.........              (no amulet)
HPRegen 0.11/turn               (no ring)
MPRegen 0.09/turn               (no ring)

@: no status effects
A: no striking features
a: Renounce Religion, Fiery Armour, Foxfire Swarm, Rising Flame


You were on level 1 of the Dungeon.
You worshipped Ignis.
Ignis was extremely pleased with you.
You visited 1 branch of the dungeon, and saw 1 of its levels.

You collected 11 gold pieces.

Inventory:

Hand Weapons
 a - a -1 hand axe of flaming (weapon)
Armour
 b - a +0 robe (worn)
Magical Staves
 d - a staff of fire
Scrolls
 i - a scroll of enchant weapon {unknown}
Potions
 c - a potion of degeneration {unknown}
 e - a potion of resistance {unknown}
 f - a potion of mutation {unknown}
 g - a potion of lignification {unknown}
 h - a potion of attraction {unknown}
 j - a potion of flight {unknown}


   Skills:
 + Level 4.1 Fighting
 + Level 4.7 Axes
 + Level 1.0 Spellcasting
 + Level 3.7 Fire Magic


You had 4 spell levels left.
You didn't know any spells.
Your spell library contained the following spells:

 Spells                   Type           Power      Damage    Failure   Level
 Scorch                   Fire           24%        2d6       8%          2


Dungeon Overview and Level Annotations

Branches:
Dungeon (1/15)

Altars:


Message History

You kill the goblin!
You barely miss the hobgoblin. The hobgoblin hits you.
You completely miss the hobgoblin.
A nearby plant withers and dies.
The hobgoblin hits you.
You slash the hobgoblin! You burn the hobgoblin.
You kill the hobgoblin!
You barely miss the ball python. The ball python closely misses you.
The ball python misses you.
You hit the ball python but do no damage.
The ball python barely misses you. The ball python grabs you.
The ball python constricts you.
The ball python bites you but does no damage.
The ball python constricts you.
You closely miss the ball python. The ball python barely misses you.
The ball python constricts you.
You barely miss the ball python.
A gnoll comes into view. It is wielding a +0 club.
The ball python bites you. The ball python constricts you.
You hit the ball python. You burn the ball python.
The ball python is severely wounded.
The ball python bites you. The ball python constricts you.
You closely miss the ball python.
The ball python is severely wounded.
The ball python barely misses you. The ball python constricts you.
The ball python closely misses you. The ball python constricts you.
You slash the ball python! You burn the ball python.
You kill the ball python!
You hit the hobgoblin. You burn the hobgoblin. Your punch misses the hobgoblin.
The hobgoblin is heavily wounded.
The hobgoblin hits you but does no damage.
You hit the hobgoblin. You burn the hobgoblin.
You kill the hobgoblin!
You closely miss the gnoll. The gnoll hits you with a +0 club!
* * * LOW HITPOINT WARNING * * *
You barely miss the gnoll. The gnoll completely misses you.
Memorise Scorch, consuming 2 spell levels and leaving 2?
The gnoll barely misses you.
You start memorising the spell.
You continue memorising.
The gnoll hits you with a +0 club.
Your memorisation is interrupted.
You die...

########### #.........#
########.##......#
.........##......#
.###.....#####†######...
.#.....÷.# #..@g.....P
.#...#+#.#############..
.#.#.#.#..............
...............######
.#.#.#.#######..#######
.#.#.#.# #..........#
.#.#.#.# #..........#
.#.#.#.#####..........###
.........................


You could see a gnoll.

Vanquished Creatures
  2 dart slugs (D:1)
  3 ball pythons (D:1)
  An endoplasm (D:1)
  A giant cockroach (D:1)
  A goblin (D:1)
  6 hobgoblins (D:1)
  A quokka (D:1)
  3 bats (D:1)
  3 kobolds (D:1)
  A rat (D:1)
22 creatures vanquished.

Vanquished Creatures (others)
  A plant (D:1)
1 creature vanquished.

Grand Total: 23 creatures vanquished

Notes
Turn   | Place    | Note
-------+----------+-------------------------------------------
     0 | D:1      | Dharzhak the Hill Orc Cinder Acolyte began the quest for
                  | the Orb.
     0 | D:1      | Reached XP level 1. HP: 19/19 MP: 2/2
   326 | D:1      | Reached XP level 2. HP: 26/27 MP: 3/3
   802 | D:1      | Reached XP level 3. HP: 32/33 MP: 4/4
   834 | D:1      | Slain by a gnoll

Illustrated notes

Levels and vault maps discovered:
D:1:      minmay_arrival_jagged, layout_basic, nicolae_grassy_gnolls

Skill      XL: |  1  2 |
---------------+-------+-----
Fighting       | 4 |  4.1
Axes           | |  4.7
Spellcasting   | |  1.0
Fire Magic     | |  3.7

Action                   || total
-------------------------++-------
Melee: Hand axe          ||    74
Armor: Robe              ||    20
Dodge: Dodged            ||    45
